 Dungeon Crawl Stone Soup version 0.31-a0-816-gd61d57ddb1 (webtiles) character file.

Game seed: 1250676539827266801

287 Essalna the Conjurer (level 6, 41/41 HPs)
             Began as a Demonspawn Conjurer on Sept 22, 2023.
             Got out of the dungeon alive.
             The game lasted 00:03:57 (2214 turns).

Essalna the Conjurer (Demonspawn Conjurer)          Turns: 2214, Time: 00:03:58

Health: 41/41      AC:  3    Str:  7    XL:     6   Next: 8%
Magic:  12/12      EV: 17    Int: 22    God:
Gold:   222        SH:  0    Dex: 11    Spells: 10/13 levels left

rFire   . . .        d - +0 short sword
rCold   . . .        (no shield)
rNeg    . . .        a - +0 robe
rPois   .            o - +0 helmet
rElec   .            (no cloak)
rCorr   .            (no gloves)
SInv    .            (no boots)
Will    .....        i - amulet of magic regeneration
Stlth   ++           l - +5 ring of evasion
HPRegen 0.26/turn    (no ring)
MPRegen 0.53/turn

%: no passive effects
@: no status effects
A: foul stench 1, sturdy frame 1, demonic touch 1
a: no special abilities


You escaped.
You visited 1 branch of the dungeon, and saw 3 of its levels.

You collected 222 gold pieces.

Inventory:

Hand Weapons
 d - a +0 short sword (weapon)
Armour
 a - a +0 robe (worn)
 o - a +0 helmet (worn)
Jewellery
 i - an amulet of magic regeneration (around neck)
 l - a +5 ring of evasion (left hand)
Scrolls
 f - a scroll of identify
 g - a scroll of teleportation {unknown}
 n - a scroll of revelation
Potions
 b - 2 potions of magic
 c - 3 potions of attraction
 e - 2 potions of heal wounds {unknown}
 h - 2 potions of haste {unknown}
 j - 2 potions of curing {unknown}
 k - a potion of lignification {unknown}
 m - a potion of might {unknown}


   Skills:
 - Level 1.7 Dodging
 - Level 1.7 Stealth
 + Level 4.4 Spellcasting
 + Level 5.9 Conjurations


You had 10 spell levels left.
You knew the following spells:

 Your Spells              Type           Power      Damage    Failure   Level
a - Magic Dart            Conj           100%       1d8       1%          1
b - Searing Ray           Conj           60%        2d6       1%          2

Your spell library contained the following spells:

 Spells                   Type           Power      Damage    Failure   Level
 Dazzling Flash           Conj/Hex       34%        N/A       10%         3
 Summon Guardian Golem    Hex/Summ       4%         N/A       32%         3
 Fulminant Prism          Conj/Hex       8%         3d6       32%         4
 Iskenderun's Mystic Bla  Conj/Tloc      17%        2d5       32%         4
 Malign Gateway           Summ/Tloc      2%         N/A       100%        7
 Orb of Destruction       Conj           15%        9d7       100%        7
 Spellforged Servitor     Conj/Summ      8%         N/A       100%        7
 Summon Horrible Things   Summ           2%         N/A       100%        8


Dungeon Overview and Level Annotations

Branches:
Dungeon (3/15)

Altars:


Innate Abilities, Weirdness & Mutations

You may rarely emit foul miasma when damaged in melee.
Your movements are slightly less encumbered by armour. (ER -2)
Your touch may inflict minor irresistible damage on your foes.


Message History

The searing ray hits Sigmund.
Sigmund is moderately wounded.
Sigmund barely misses you.
The searing ray hits Sigmund!
Sigmund is severely wounded.
You finish channelling your searing ray.
Casting: Searing Ray (safe; 1% risk of failure)
Confirm with . or Enter, or press ? or * to list all spells.
Aiming: Searing Ray (safe; 1% risk of failure)
Press: ? - help, Shift-Dir - straight line, f - Sigmund
Aim: Sigmund, wielding a +0 scythe and wearing a +0 robe (severely wounded, 77% to hit)
The searing ray hits Sigmund.
Sigmund is almost dead. (Press . to maintain the ray.) Sigmund closely misses you.
The searing ray hits Sigmund.
You kill Sigmund!
Your Spellcasting skill increases to level 4!
You have reached level 5!
Your demonic ancestry asserts itself...
You begin to emit a foul stench of rot and decay.
You have reached level 6!
Your demonic ancestry asserts itself...
Your hands begin to faintly glow with unholy energy.
You pick up a book of Dangerous Friends and begin reading...
You add the spells Summon Guardian Golem, Orb of Destruction and Spellforged Servitor to your library.
You now have 222 gold pieces (gained 13).
Things that are here:
a +0 scythe; a +0 robe
There is a stone staircase leading up here.
There is a stone staircase leading up here.
You climb upwards.
There is a stone staircase leading down, spattered with blood here.
There is an open door here.
There is a stone staircase leading up here.
You climb upwards.
There is a stone staircase leading down here.
There is an empty arch of ancient stone here.
There is a staircase leading out of the dungeon here.
You have escaped!

.....###.........#####...........
.....##..........#.........###...
............................##...
...........####...####....#......
.....#######♣♣###.........#####†#
.....# ###....≈#..###....# #..
....## #.∩.....##..##..### ##.
#...# ###∩#......##..#.### ##
.######.........@.##.....#
.###.#.............###.#.########
..>..#.....♣.......#.#.#.........
.##..#............♣#.............
.##†###............#.#.##########
....#.∩............#.#.# #
...####............#.#.# ###
...##...........♣..#.#.# #..
...#.......⌠......♣#...## ###.#


There were no monsters in sight!

Vanquished Creatures
  Sigmund (D:3)
  An orc wizard (D:3)
  2 adders (D:2)
  3 gnolls (D:3)
  2 worms
  2 dart slugs
  3 orcs (D:3)
  2 ball pythons (D:1)
  5 endoplasms
  3 giant cockroaches
  2 goblins
  5 hobgoblins
  6 kobolds
  A quokka (D:2)
  3 bats
  5 frilled lizards
  2 rats (D:3)
48 creatures vanquished.

Notes
Turn   | Place    | Note
-------+----------+-------------------------------------------
     0 | D:1      | Essalna the Demonspawn Conjurer began the quest for the
                  | Orb.
     0 | D:1      | Reached XP level 1. HP: 13/13 MP: 3/3
   282 | D:1      | Gained mutation: Your movements are slightly less
                  | encumbered by armour. (ER -2) [demonic ancestry]
   282 | D:1      | Reached XP level 2. HP: 19/19 MP: 0/5
   859 | D:2      | Reached XP level 3. HP: 20/24 MP: 1/7
  1280 | D:2      | Learned a level 2 spell: Searing Ray
  1818 | D:3      | Reached XP level 4. HP: 25/30 MP: 4/8
  1843 | D:3      | Reached skill level 5 in Conjurations
  2103 | D:3      | Noticed Sigmund
  2109 | D:3      | Killed Sigmund
  2110 | D:3      | Gained mutation: You may rarely emit foul miasma when
                  | damaged in melee. [demonic ancestry]
  2110 | D:3      | Reached XP level 5. HP: 29/35 MP: 4/11
  2110 | D:3      | Gained mutation: Your touch may inflict minor irresistible
                  | damage on your foes. [demonic ancestry]
  2110 | D:3      | Reached XP level 6. HP: 34/41 MP: 4/12
  2214 | D:$      | Got out of the dungeon alive.

Illustrated notes

Levels and vault maps discovered:
D:1:      nzn_arrival_settlement, layout_rooms, minmay_misc_feat_x,
          moated_statue, minmay_pentomino_t2
D:2:      layout_basic, serial_co_window_serial, co_window_paths_b,
          co_window_corner_a, co_window_paths_a, co_window_of_opportunity_a,
          co_window_corner_a, co_window_corner_b, co_window_of_opportunity_b,
          co_window_corner_b, co_window_unsneaky_path_c, co_window_corner_b,
          co_window_corner_b, glass_columns_a, glass_columns_b, glass_columns_c,
          glass_columns_b, glass_columns_a
D:3:      layout_rooms, grunt_qazlal_clouds, minivault_26, uniq_sigmund

Skill      XL: |  1  2  3  4 |
---------------+-------------+-----
Spellcasting   | 3 4 |  4.4
Conjurations   | 5 |  5.9
Dodging        | |  1.7
Stealth        | |  1.7

Action                     |  1- 3 |  4- 6 || total
---------------------------+-------+-------++-------
  Melee: Short sword       |     1 |       ||     1
   Cast: Magic Dart        |    93 |    22 ||   115
         Searing Ray       |     1 |     2 ||     3
    Use: Scroll            |       |     2 ||     2
 Armour: Robe              |    18 |     2 ||    20
  Dodge: Dodged            |    20 |     4 ||    24

Table legend: (Time is in decaauts)
 A = Elapsed time spent in this place.
 B = Non-inter-level travel time spent in this place.
 C = Inter-level travel time spent in this place.
 D = Time resting spent in this place.
 E = Time spent auto-exploring this place.
 F = Levels seen in this place.
 G = Mean time per level.
                   A        B        C        D        E       F      G
               +--------+--------+--------+--------+--------+-----+--------+
         Total |   2214 |   2050 |    164 |     27 |   1756 |   3 |  738.0 |
       Dungeon |   2214 |   2050 |    164 |     27 |   1756 |   3 |  738.0 |
               +--------+--------+--------+--------+--------+-----+--------+

Top non-repeatable levels by time:
     D:2: 991 daAuts
     D:1: 815 daAuts
     D:3: 407 daAuts
